 Dungeon Crawl Stone Soup version 0.25.1-2-g60ff931df9 (webtiles) character file.

Game seed: 15111932392105283580

11526 moonlapse the Cleaver (level 11, -3/156 HPs)
             Began as a Black Draconian Assassin on Oct 4, 2020.
             Was a High Priest of Okawaru.
             Slain by a five-headed hydra (7 damage)
             ... on level 1 of the Lair of Beasts.
             The game lasted 00:19:26 (12600 turns).

moonlapse the Cleaver (Black Draconian Assassin)   Turns: 12600, Time: 00:19:27

Health: -3/156     AC: 12    Str: 14    XL:     11   Next: 50%
Magic:  8/11       EV: 15    Int: 15    God:    Okawaru [*****.]
Gold:   746        SH:  0    Dex: 12    Spells: 7/10 levels left

rFire    . . .     SeeInvis .   p - +0 flail
rCold    + . .     Gourm    .   (no shield)
rNeg     . . .     Faith    .   (armour unavailable)
rPois    .         Spirit   .   (helmet restricted)
rElec    +         Reflect  .   b - +1 cloak
rCorr    .         Harm     .   u - +2 pair of gloves
MR       .....                  (no boots)
Stlth    ..........             (no amulet)
HPRegen  0.36/turn              v - ring of protection from fire {rF+, !d}
MPRegen  0.12/turn              h - ring of ice {rC+, rF-}

@: berserking, heroism, very quick
A: breathe lightning, unfitting armour, electricity resistance, cold-blooded, AC
+7
a: Breathe Lightning, Heroism, Finesse, Renounce Religion


You were on level 1 of the Lair of Beasts.
You worshipped Okawaru.
Okawaru was extremely pleased with you.
You were very hungry.

You visited 3 branches of the dungeon, and saw 12 of its levels.
You also visited: Ossuary.

You collected 746 gold pieces.

Inventory:

Hand Weapons
 l - a +3 hand axe of electrocution
   (You found it on level 1 of the Dungeon)
 p - a +0 flail (weapon)
   (You took it off a wight on level 9 of the Dungeon)
 H - a +1 vampiric war axe {!w}
   (You found it on level 7 of the Dungeon)
Missiles
 d - a curare-tipped dart
 g - 10 boomerangs (quivered)
 q - 11 poisoned darts
 B - 6 javelins
Armour
 b - a +1 cloak (worn)
 u - a +2 pair of gloves (worn)
   (You found it on level 4 of the Dungeon)
Jewellery
 h - a ring of ice (right hand) {rC+, rF-}
   (You found it on level 3 of the Dungeon)
 m - an uncursed amulet of reflection
   (You took it off a centaur on level 10 of the Dungeon)
 v - a ring of protection from fire (left hand) {rF+, !d}
   (You found it on level 5 of the Dungeon)
 C - an uncursed ring of protection from fire {rF+, !d}
   (You found it on level 7 of the Dungeon)
Wands
 c - a wand of flame (21)
   (You found it on level 3 of the Dungeon)
 i - a wand of polymorph (17)
   (You found it on level 7 of the Dungeon)
 G - a wand of iceblast (18)
   (You found it on level 8 of the Dungeon)
 K - a wand of disintegration (4)
   (You found it on level 9 of the Dungeon)
Scrolls
 a - 8 scrolls of teleportation
 t - 2 scrolls of enchant armour
 y - 7 scrolls of remove curse
 A - a scroll of amnesia
 E - 2 scrolls of magic mapping {!r}
 J - 2 scrolls of identify
Potions
 e - a potion of curing
 k - 7 potions of haste
 n - a potion of lignification {!q}
 o - 4 potions of might {unknown}
 r - a potion of flight
 s - a potion of cancellation
 x - a potion of invisibility
 z - a potion of ambrosia
Comestibles
 f - 21 rations


   Skills:
 - Level 12.0(17.0) Fighting
   Level 2.0(7.0) Short Blades
 - Level 14.0(19.0) Axes
 - Level 1.7(6.7) Throwing
 - Level 0.8(5.8) Dodging
 - Level 3.6(8.6) Stealth
 + Level 2.6 Air Magic


You had 7 spell levels left.
You knew the following spells:

 Your Spells              Type           Power        Failure   Level  Hunger
x - Mephitic Cloud        Conj/Pois/Air  #.......     50%         3    ####...

Your spell library contained the following spells:

 Spells                   Type           Power        Failure   Level  Hunger
 Poisonous Vapours        Pois/Air       #.....       24%         2    ###....
 Corona                   Hex            #......      26%         1    ##.....
 Ensorcelled Hibernation  Hex/Ice        #.....       38%         2    ###....
 Confusing Touch          Hex            #.......     63%         3    ####...
 Conjure Flame            Conj/Fire      #.......     63%         3    ####...
 Dazzling Flash           Conj/Hex       #.....       63%         3    ####...
 Tukima's Dance           Hex            #.......     63%         3    ####...
 Freezing Cloud           Conj/Ice/Air   #.........   100%        6    #######
 Ring of Flames           Chrm/Fire      #.........   100%        7    #######


Dungeon Overview and Level Annotations

Branches:
Dungeon (10/15)            Temple (1/1) D:4            Lair (1/6) D:9
Ossuary (visited)
    Orc: D:9-12

Altars:
Ashenzari
Cheibriados
Dithmenos
Elyvilon
Fedhas
Gozag
Hepliaklqana
Kikubaaqudgha
Makhleb
Nemelex Xobeh
Okawaru
Qazlal
Ru
Sif Muna
Trog
Uskayaw
Vehumet
Wu Jian
Xom
Yredelemnul
Zin
The Shining One

Annotations:
D:10 3 runed translucent doors, Erolcha; miket3c's ghost, novice MiBe


Innate Abilities, Weirdness & Mutations

You can breathe wild blasts of lightning.
Your glossy black scales are hard. (AC +7)
You cannot fit into any form of body armour.
You are resistant to electric shocks. (rElec)
You are cold-blooded and may be slowed by cold attacks.


Message History

A rime drake is nearby!
Throwing (i - inventory. (/) - cycle)
g - 10 boomerangs (quivered)
Aim: a rime drake (asleep)
Your line of fire to the rime drake is blocked by a plant.
Continue anyway?
Okay, then.
The rime drake breathes ice at you. The flash freeze hits you!
You partially resist.
You are encased in ice.
You take 17 damage, and have 87/104 hp.
The rime drake bites you. x2
You take 6 damage, and have 81/104 hp.
You slash the rime drake!
Lightning courses through the rime drake!
You hit the fungus but do no damage. Lightning courses through the fungus!
You barely miss the rime drake. You hit the fungus.
Lightning courses through the fungus! The rime drake closely misses you.
You slash the rime drake!
Lightning courses through the rime drake!
You kill the rime drake!
Okawaru accepts your kill.
Your Air Magic skill increases to level 2!
You hit the fungus. The ice encasing you melts away.
You start resting.
You are feeling very hungry.
Health restored: 104 You may need something to eat soon, looking for food.
Can't find anything matching that.
Okay, then.
Okay, then.
You open the door.
There is an open door here.
Found a stone staircase leading down.
The five-headed hydra is too close now for your liking.
A five-headed hydra is nearby!
A five-headed hydra is nearby!
Your +3 hand axe of electrocution stops crackling.
p - a +0 flail (weapon)
Okay, then.
You gain the combat prowess of a mighty hero.
You now have 9/11 mp.
Throwing (i - inventory. (/) - cycle)
g - 10 boomerangs (quivered)
Aim: a five-headed hydra (wandering, hasn't noticed you)
You throw a boomerang. The five-headed hydra roars!
The boomerang hits the five-headed hydra.
Throwing (i - inventory. (/) - cycle)
g - 10 boomerangs (quivered)
Aim: a five-headed hydra (lightly wounded)
You throw a boomerang.
The boomerang hits the five-headed hydra.
You hit the five-headed hydra.
You tail-slap the five-headed hydra, but do no damage.
The five-headed hydra completely misses you.
The five-headed hydra bites you! x2
The five-headed hydra bites you but does no damage.
The five-headed hydra bites you!
You take 28 damage, and have 76/104 hp.
MASSIVE DAMAGE!!
You feel more confident with your borrowed prowess.
The five-headed hydra misses you.
The five-headed hydra bites you but does no damage. x2
The five-headed hydra closely misses you.
The five-headed hydra bites you but does no damage.
You now have 7/11 mp.
You sock the five-headed hydra! The five-headed hydra bites you.
The five-headed hydra bites you but does no damage. x2
The five-headed hydra barely misses you. x2
You take 4 damage, and have 72/104 hp.
You sock the five-headed hydra! You hit the five-headed hydra.
The five-headed hydra bites you! The five-headed hydra bites you.
The five-headed hydra bites you but does no damage. x2
The five-headed hydra misses you.
You take 11 damage, and have 61/104 hp.
You hit the five-headed hydra.
The five-headed hydra bites you but does no damage.
The five-headed hydra bites you.
The five-headed hydra completely misses you.
The five-headed hydra closely misses you.
The five-headed hydra bites you but does no damage.
You take 6 damage, and have 55/104 hp.
You sock the five-headed hydra! You tail-slap the five-headed hydra.
You completely miss the five-headed hydra.
The five-headed hydra bites you! x3
* * * LOW HITPOINT WARNING * * *
The five-headed hydra bites you.
* * * LOW HITPOINT WARNING * * *
The five-headed hydra bites you!
* * * LOW HITPOINT WARNING * * *
You take 41 damage, and have 14/104 hp.
MASSIVE DAMAGE!!
Really quaff
w - a potion of berserk rage {!q}?
A red film seems to cover your vision as you go berserk!
You feel yourself moving faster!
You feel mighty! The five-headed hydra bites you.
* * * LOW HITPOINT WARNING * * *
The five-headed hydra bites you!
* * * LOW HITPOINT WARNING * * *
The five-headed hydra bites you!
You die...

#.# ###.....##...##....### #.##
###..[....###..#...# ...#
#....8...# #..#.#.P ...#
##........# #.##.... ...#
####.#.8...8.# #.##.##.
###########P###........###.##....
##.##r.........#...8....#...#....
DYr....########.D......###.#.....
#.###### ##.@.###....##...... ###
#....###...........> .#.
##...###.##..8......# ... ##...##
#.####..##...# .# #....# #..#
#'####.## .# ##...#####.##
#.##.#.## .P #....#..##.#
#........ #
##.>.#..##.#####.##..##
#...#.............#.##


You could see a five-headed hydra.

Vanquished Creatures
  2 two-headed ogres
  3 spiny frogs (Lair:1)
  A komodo dragon (D:9)
  A rime drake (Lair:1)
  A queen bee (D:9)
  A hornet (D:9)
  Grinder (D:6)
  8 hippogriffs
  3 yaks (Lair:1)
  A wyvern (D:10)
  Grum (D:10)
  2 hungry ghosts
  4 water moccasins
  3 orc warriors
  A porcupine (Lair:1)
  An ice beast (D:10)
  A phantom (D:5)
  5 sky beasts
  4 ogres
  An eye of draining (D:9)
  3 wolves (D:10)
  8 centaurs
  7 bullfrogs
  A gnoll sergeant (D:8)
  A water moccasin zombie (Ossuary)
  4 scorpions
  12 killer bees (D:9)
  8 wights
  4 howler monkeys
  3 crimson imps
  A bullfrog zombie (D:10)
  3 bullfrog skeletons
  5 hounds
  4 jellies
  A centaur skeleton (D:9)
  4 iguanas
  8 orc wizards
  12 worker ants
  Terence (D:3)
  2 mummies (Ossuary)
  4 gnolls (D:8)
  2 howler monkey skeletons (D:4)
  12 adders
  A shadow imp (D:9)
  An ooze (D:7)
  9 adder zombies
  3 worms
  2 leopard geckos (D:3)
  34 orcs
  6 bats (D:1)
  3 giant cockroaches
  5 gnoll zombies (Ossuary)
  9 goblins
  7 hobgoblins
  4 jackals
  5 quokkas
  5 frilled lizards
  3 hobgoblin zombies (Ossuary)
  9 kobolds
  4 kobold zombies (Ossuary)
  8 orc zombies (Ossuary)
  7 rats
  A butterfly (D:8)
  A fungus (Lair:1)
282 creatures vanquished.

Vanquished Creatures (others)
  2 killer bees (D:9)
  A fungus (Lair:1)
  5 plants
8 creatures vanquished.

Grand Total: 290 creatures vanquished

Notes
Turn   | Place    | Note
-------+----------+-------------------------------------------
     0 | D:1      | moonlapse the Draconian Assassin began the quest for the
                  | Orb.
     0 | D:1      | Reached XP level 1. HP: 17/17 MP: 1/1
   189 | D:1      | Reached skill level 3 in Fighting
   189 | D:1      | Reached XP level 2. HP: 26/26 MP: 2/2
  1028 | D:2      | Reached skill level 1 in Axes
  1028 | D:2      | Reached XP level 3. HP: 31/33 MP: 3/3
  1372 | D:2      | Reached skill level 4 in Fighting
  1885 | D:3      | Reached skill level 2 in Axes
  1885 | D:3      | Reached XP level 4. HP: 40/40 MP: 4/4
  2075 | D:3      | Noticed Terence
  2093 | D:3      | Killed Terence
  2242 | D:3      | Reached XP level 5. HP: 45/47 MP: 5/5
  2901 | D:4      | Reached skill level 3 in Axes
  2948 | D:4      | Reached skill level 5 in Fighting
  3034 | D:4      | Reached XP level 6. HP: 53/56 MP: 6/6
  3165 | D:4      | Reached skill level 4 in Axes
  3173 | D:4      | Found a staircase to the Ecumenical Temple.
  3183 | Temple   | Entered the Ecumenical Temple
  3440 | Temple   | Became a worshipper of Warmaster Okawaru
  3456 | D:4      | Reached skill level 6 in Fighting
  3826 | D:5      | Entered Level 5 of the Dungeon
  4000 | D:5      | Found a white marble altar of Elyvilon.
  4379 | D:5      | Your scales start taking on a glossy black colour.
  4379 | D:5      | Reached XP level 7. HP: 60/64 MP: 7/7
  4379 | D:5      | Gained mutation: You are resistant to electric shocks.
                  | (rElec) [Black Draconian growth]
  4481 | D:5      | Reached skill level 5 in Axes
  4483 | D:5      | Reached * piety under Okawaru
  4483 | D:5      | Reached skill level 7 in Fighting
  4701 | D:5      | Reached skill level 6 in Axes
  4870 | D:6      | Noticed Grinder
  4909 | D:6      | Reached XP level 8. HP: 64/74 MP: 8/8
  4939 | D:6      | Found a sand-covered staircase.
  4945 | D:6      | Reached skill level 8 in Fighting
  4956 | Ossuary  | Entered an ossuary
  5178 | Ossuary  | Reached ** piety under Okawaru
  5288 | D:6      | Paralysed by Grinder for 2 turns
  5304 | D:6      | Killed Grinder
  5304 | D:6      | Reached skill level 7 in Axes
  5396 | D:6      | HP: 14/77 [orc warrior/+0 long sword (10)]
  5425 | D:6      | Reached skill level 9 in Fighting
  6119 | D:7      | Noticed a hippogriff
  6124 | D:7      | Reached skill level 8 in Axes
  6135 | D:7      | Killed a hippogriff
  6135 | D:7      | Reached *** piety under Okawaru
  6135 | D:7      | Reached XP level 9. HP: 68/85 MP: 9/9
  6208 | D:7      | Reached skill level 10 in Fighting
  6699 | D:7      | Reached skill level 9 in Axes
  7553 | D:8      | Found a shimmering altar of Xom.
  7563 | D:8      | Reached **** piety under Okawaru
  7599 | D:8      | Reached skill level 11 in Fighting
  7716 | D:8      | Reached skill level 10 in Axes
  7716 | D:8      | Reached XP level 10. HP: 85/96 MP: 10/10
  7949 | D:8      | Found an ornate altar of the Wu Jian Council.
  7989 | D:8      | Reached ***** piety under Okawaru
  8051 | D:8      | Found a glowing silver altar of Zin.
  8123 | D:8      | Found a sacrificial altar of Ru.
  8127 | D:8      | Noticed a two-headed ogre
  8133 | D:8      | Killed a two-headed ogre
  8502 | D:9      | Reached skill level 12 in Fighting
  8621 | D:9      | Found a staircase to the Lair.
  8788 | D:9      | Reached skill level 11 in Axes
  9290 | D:9      | Reached skill level 12 in Axes
  9298 | D:9      | Received a gift from Okawaru
 10173 | D:10     | Entered Level 10 of the Dungeon
 10228 | D:10     | Noticed a two-headed ogre
 10243 | D:10     | Killed a two-headed ogre
 10243 | D:10     | Reached XP level 11. HP: 82/104 MP: 11/11
 10335 | D:10     | Found a runed translucent gate.
 10335 | D:10     | Found a runed translucent gate.
 10335 | D:10     | Found a runed translucent gate.
 10341 | D:10     | Noticed miket3c's ghost (novice MiBe)
 10598 | D:10     | Learned a level 3 spell: Mephitic Cloud
 10634 | D:10     | Reached skill level 13 in Axes
 10841 | D:10     | Noticed Erolcha
 10869 | D:10     | Noticed Grum
 10891 | D:10     | Killed Grum
 11292 | Lair:1   | Entered Level 1 of the Lair of Beasts
 11675 | Lair:1   | Noticed a five-headed hydra
 11896 | Lair:1   | Received a gift from Okawaru
 11896 | Lair:1   | Reached ****** piety under Okawaru
 11997 | Lair:1   | Reached skill level 14 in Axes
 12002 | Lair:1   | Reached skill level 1 in Air Magic
 12083 | Lair:1   | HP: 24/104 [five-headed hydra (15)]
 12405 | Lair:1   | Reached skill level 2 in Air Magic
 12599 | Lair:1   | HP: 24/104 [five-headed hydra (11)]
 12600 | Lair:1   | HP: 4/156 [five-headed hydra (14)]
 12600 | Lair:1   | Slain by a five-headed hydra

Illustrated notes

Levels and vault maps discovered:
D:1:      psy_arrival_terrarium, layout_basic, dk_noncrumbling_3, minivault_14
D:2:      layout_basic
D:3:      layout_basic, first_ration, hangedman_abyss_or_decor_stabs,
          uniq_terence
D:4:      layout_loops_cross, minmay_temple_entry_large_hall
D:5:      layout_basic, basic_altar
D:6:      layout_rooms, nicolae_ossuary_entry_monument, uniq_grinder
D:7:      layout_basic
D:8:      layout_basic, nicolae_ru_sacrificial_ziggurat, xom_butterflies,
          marbit_many_paths, overflow_temple_1_default
D:9:      layout_roguey, david_lair_shrubbed, david_nohive_1
D:10:     layout_roguey, gammafunk_ghost_spectres, minmay_misc_feat_x,
          uniq_grum, uniq_erolcha
Temple:   eino_narrow_crystal_temple
Lair:1:   layout_loops_ring, wad_woods_river_04, grunt_megastairs_4

Skill      XL: |  1  2  3  4  5  6  7  8  9 10 11 |
---------------+----------------------------------+-----
Fighting       | 3 4 5 6 7 9 11 12 | 12.0
Axes           | 1 2 3 4 6 8 10 12 14 | 14.0
Air Magic      | 2 |  2.6
Short Blades   | |  2.0
Throwing       | |  1.7
Dodging        | |  0.8
Stealth        | |  3.6

Action                   |  1- 3 |  4- 6 |  7- 9 | 10-12 || total
-------------------------+-------+-------+-------+-------++-------
Melee: Dagger            |    16 |       |       |       ||    16
       Hand axe          |    48 |   115 |   318 |   265 ||   746
       Tailslap          |     4 |    10 |    31 |    37 ||    82
       Unarmed           |       |       |     9 |       ||     9
       Battleaxe         |       |       |       |    35 ||    35
       Flail             |       |       |       |    12 ||    12
Throw: Dart              |    64 |    22 |     2 |     1 ||    89
       Boomerang         |       |       |       |   125 ||   125
       Javelin           |       |       |       |     8 ||     8
       Throwing net      |       |       |       |     3 ||     3
Invok: Heroism           |       |       |       |     3 ||     3
 Abil: Breathe Lightning |       |       |     1 |     1 ||     2
Evoke: Wand              |       |       |       |     3 ||     3
  Use: Scroll            |     5 |     7 |     8 |     4 ||    24
       Potion            |       |       |     4 |     4 ||     8
 Stab: Sleeping          |     4 |     7 |    10 |       ||    21
       Held in net/web   |       |       |       |     2 ||     2
  Eat: Chunk             |     3 |     5 |     8 |    11 ||    27
       Ration            |       |     1 |     3 |     1 ||     5
Armor: Skin              |    23 |    34 |   147 |   128 ||   332
Dodge: Dodged            |    40 |    58 |   152 |   179 ||   429

Levels and vault maps discovered:
D:1:      psy_arrival_terrarium, layout_basic, dk_noncrumbling_3, minivault_14
D:2:      layout_basic
D:3:      layout_basic, first_ration, hangedman_abyss_or_decor_stabs,
          uniq_terence
D:4:      layout_loops_cross, minmay_temple_entry_large_hall
D:5:      layout_basic, basic_altar
D:6:      layout_rooms, nicolae_ossuary_entry_monument, uniq_grinder
D:7:      layout_basic
D:8:      layout_basic, nicolae_ru_sacrificial_ziggurat, xom_butterflies,
          marbit_many_paths, overflow_temple_1_default
D:9:      layout_roguey, david_lair_shrubbed, david_nohive_1
D:10:     layout_roguey, gammafunk_ghost_spectres, minmay_misc_feat_x,
          uniq_grum, uniq_erolcha
Temple:   eino_narrow_crystal_temple
Lair:1:   layout_loops_ring, wad_woods_river_04, grunt_megastairs_4

Table legend:
 A = Turns spent in this place as a percentage of turns spent in the entire game.
 B = Non-inter-level travel turns spent in this place as a percentage of non-inter-level travel turns spent in the entire game.
 C = Inter-level travel turns spent in this place as a percentage of turns spent in this place.
 D = Turns resting spent in this place as a percentage of non-inter-level travel turns spent in this place.
 E = Turns spent auto-exploring this place as a percentage of non-inter-level travel turns spent in this place.
 F = Non-inter-level travel turns spent in this place divided by the number of levels of this place that you've seen.
                   A       B       C       D       E      F
               +-------+-------+-------+-------+-------+----------------------
         Total | 100.0 | 100.0 |   3.5 |  17.6 |  64.9 | 935.8
       Dungeon |  85.6 |  85.3 |   3.8 |  15.7 |  66.7 | 1037.8
        Temple |   2.1 |   2.0 |  10.2 |   0.0 |  98.7 | 239.0
          Lair |  10.0 |  10.3 |   0.2 |  35.1 |  47.9 | 1258.0
       Ossuary |   2.3 |   2.4 |   0.0 |  23.4 |  46.6 | 290.0
               +-------+-------+-------+-------+-------+----------------------

Table legend:
 A = Kills in this place as a percentage of kills in entire the game.
 B = Kills by you in this place as a percentage of kills by you in the entire game.
 C = Kills by friends in this place as a percentage of kills by friends in the entire game.
 D = Other kills in this place as a percentage of other kills in the entire game.
 E = Experience gained in this place as a percentage of experience gained in the entire game.
 F = Experience gained in this place divided by the number of levels of this place that you have seen.
                   A       B       C       D       E      F
               +-------+-------+-------+-------+-------+----------------------
         Total | 100.0 | 100.0 |   N/A |   N/A | 100.0 | 1266.6
       Dungeon |  85.0 |  85.0 |   N/A |   N/A |  81.5 | 1341.2
          Lair |   4.3 |   4.3 |   N/A |   N/A |  17.5 | 2882.0
       Ossuary |  10.7 |  10.7 |   N/A |   N/A |   1.0 | 172.0
               +-------+-------+-------+-------+-------+----------------------
